 Dungeon Crawl Stone Soup version 0.20.0-8-g6b59dc7 (webtiles) character file.

91 straycat the Sneak (level 4, 0/34 HPs)
             Began as a Vampire Wanderer on May 31, 2017.
             Slain by Natasha (2 damage)
             ... on level 3 of the Dungeon.
             The game lasted 00:07:20 (2300 turns).

straycat the Sneak (Vampire Wanderer)               Turns: 2300, Time: 00:07:21

Health: 0/34       AC:  5    Str: 12    XL:     4   Next: 33%
Magic:  7/7        EV: 10    Int: 12    God:
Gold:   133        SH:  3    Dex: 15    Spells: 4/7 levels left

rFire    . . .     SeeInvis +   b - +0 spear
rCold    + . .     Gourm    .   y - +0 buckler
rNeg     + + .     Faith    .   h - +0 ring mail
rPois    +         Spirit   .   (no helmet)
rElec    .         Reflect  .   (no cloak)
rCorr    .         Harm     .   (no gloves)
MR       .....                  (no boots)
Stlth    +++.......             (no amulet)
Regen    0.1/turn               (no ring)
MPRegen  0.1/turn               (no ring)

@: regenerating slowly, slowed, very slow
A: fangs 3, see invisible, unbreathing
a: Bat Form


You were on level 3 of the Dungeon.
You were very thirsty.

You visited 1 branch of the dungeon, and saw 3 of its levels.

You collected 133 gold pieces.

Inventory:

Hand Weapons
 b - a +0 spear (weapon)
 e - a +0 dagger
 A - a +0 falchion
Missiles
 g - 108 stones (quivered)
 l - 40 sling bullets
 p - 13 arrows
 r - 4 tomahawks
 s - 43 bolts
Armour
 d - a +0 robe
 h - a +0 ring mail (worn)
 y - a +0 buckler (worn)
Wands
 u - a wand of flame (21/48)
Scrolls
 i - a scroll of immolation {unknown}
 j - 2 scrolls of enchant armour {unknown}
 k - 2 scrolls of enchant weapon {unknown}
 m - a scroll of teleportation {unknown}
 n - 2 scrolls of magic mapping {unknown}
 o - 3 scrolls of remove curse {unknown}
 q - 3 scrolls of identify {unknown}
 w - a scroll of blinking {unknown}
 z - a scroll of noise {unknown}
Potions
 c - 3 potions of curing
 f - 12 potions of blood
 t - a potion of agility {unknown}
 v - a potion of brilliance {unknown}
 x - a potion of resistance {unknown}
Books
 a - a book of Minor Magic

   Spells                             Type                      Level
   a - Magic Dart                     Conjuration                  1
   b - Blink                          Translocation                2
   c - Call Imp                       Summoning                    2
   d - Slow                           Hexes                        2
   e - Conjure Flame                  Conjuration/Fire             3
   f - Mephitic Cloud                 Conjuration/Poison/Air       3


   Skills:
 * Level 2.8 Fighting
 + Level 1.2 Short Blades
 * Level 2.2 Dodging
 + Level 4.0 Stealth
 + Level 0.1 Shields
 + Level 2.3 Spellcasting
 - Level 1.0 Conjurations
 - Level 3.0 Hexes


You had 4 spell levels left.
You knew the following spells:

 Your Spells              Type           Power        Failure   Level  Hunger
a - Magic Dart            Conj           #...         54%         1    ##.....
b - Slow                  Hex            #.......     41%         2    ###....


Dungeon Overview and Level Annotations

Branches:
Dungeon (3/15)

Altars:

Annotations:
D:3 Natasha


Innate Abilities, Weirdness & Mutations

You heal slowly.
You have razor-sharp teeth.
You have supernaturally acute eyesight. (SInv)
You can survive without breathing.


Message History

The white imp hits you but does no damage.
Natasha claws you.
Attack whom?
Press: ? - help, Dir - move target cursor, f/p - Natasha
Aim: Natasha (moderately wounded)
You hit Natasha.
Natasha is heavily wounded.
The white imp gestures at you. The puff of frost hits you! You resist.
Natasha claws you.
* * * LOW HITPOINT WARNING * * *
The white imp hits you but does no damage.
Natasha mumbles some strange words.
The white imp hits you but does no damage.
The white imp hits you.
* * * LOW HITPOINT WARNING * * *
The white imp freezes you. You resist.
* * * LOW HITPOINT WARNING * * *
Natasha completely misses you. Natasha claws you.
You die...

###### .....# ####.#
####.###########
.....##........#
.######........#
.######........#######
....).'........'@h5.5#
.######........#####.#
.#..........<### #.#
.#......###### #5#
.######.# #.#
...%....# #.#
######### #.. ###


You could see Natasha, a crimson imp and a white imp.

Vanquished Creatures
  3 adders
  An ooze (D:2)
  2 worms (D:2)
  5 dart slugs (D:1)
  3 bats (D:2)
  2 giant cockroaches
  2 goblins
  4 hobgoblins
  7 jackals (D:2)
  5 kobolds
  2 quokkas (D:2)
  A ball python (D:2)
  2 frilled lizards
  4 rats
43 creatures vanquished.

Notes
Turn   | Place    | Note
-------+----------+-------------------------------------------
     0 | D:1      | straycat the Vampire Wanderer began the quest for the Orb.
     0 | D:1      | straycat set off with: a book of Minor Magic, a +0 spear, a potion of curing, a +0 robe, a +0 dagger, a potion of blood
     0 | D:1      | Reached XP level 1. HP: 16/16 MP: 3/3
     2 | D:1      | Learned a level 1 spell: Magic Dart
   346 | D:1      | Reached XP level 2. HP: 22/22 MP: 1/5
   940 | D:2      | Learned a level 2 spell: Slow
   962 | D:2      | Reached XP level 3. HP: 20/27 MP: 6/6
  1322 | D:2      | Reached skill level 1 in Short Blades
  1361 | D:2      | Reached skill level 4 in Stealth
  1473 | D:2      | Reached XP level 4. HP: 25/34 MP: 2/7
  2286 | D:3      | Noticed Natasha
  2300 | D:3      | Slain by Natasha

Skill      XL: |  1  2  3 |
---------------+----------+-----
Fighting       | 2 |  2.8
Short Blades   | 1 |  1.2
Dodging        | 2 |  2.2
Stealth        | 4 |  4.0
Shields        | |  0.1
Spellcasting   | |  2.3
Conjurations   | |  1.0
Hexes          | |  3.0

Action                   |  1- 3 |  4- 6 || total
-------------------------+-------+-------++-------
Melee: Spear             |   102 |    67 ||   169
       Bite              |    12 |     7 ||    19
 Cast: Magic Dart        |     3 |       ||     3
       Slow              |     5 |       ||     5
  Use: Potion            |     1 |     2 ||     3
 Stab: Sleeping          |     3 |       ||     3
       Distracted        |     1 |       ||     1
Armor: Robe              |     1 |       ||     1
       Ring mail         |    24 |    27 ||    51
Dodge: Dodged            |    79 |    47 ||   126
Block: Buckler           |       |     4 ||     4
